 Dungeon Crawl Stone Soup version 0.31-a0-536-ga3e2962e35 (webtiles) character file.

Game seed: 10263224501255549670

139 BritishOli the Trooper (level 5, 0/42 HPs)
             Began as a Demonspawn Fighter on Aug 13, 2023.
             Slain by a gnoll
             ... wielding a +0 whip
              (5 damage)
             ... on level 3 of the Dungeon.
             The game lasted 00:02:18 (1888 turns).

BritishOli the Trooper (Demonspawn Fighter)         Turns: 1888, Time: 00:02:18

Health: 0/42       AC: 11    Str: 18    XL:     5   Next: 1%
Magic:  5/5        EV:  9    Int: 10    God:
Gold:   150        SH:  4    Dex: 12    Spells: 4/4 levels left

rFire   . . .        a - +0 war axe
rCold   . . .        c - +0 buckler
rNeg    . . .        b - +0 scale mail
rPois   .            (no helmet)
rElec   .            o - +2 cloak {Stlth+}
rCorr   .            (no gloves)
SInv    .            (no boots)
Will    .....        (no amulet)
Stlth   +            (no ring)
HPRegen 0.27/turn    (no ring)
MPRegen 0.09/turn

%: no passive effects
@: no status effects
A: icy blue scales 1, weakness stinger 1
a: no special abilities


You were on level 3 of the Dungeon.
You visited 1 branch of the dungeon, and saw 3 of its levels.

You collected 150 gold pieces.

Inventory:

Hand Weapons
 a - a +0 war axe (weapon)
Armour
 b - a +0 scale mail (worn)
 c - a +0 buckler (worn)
 o - a +2 cloak of stealth (worn)
Jewellery
 q - a ring of see invisible
Scrolls
 e - a scroll of brand weapon {unknown}
 g - a scroll of poison {unknown}
 h - a scroll of fear {unknown}
 i - 4 scrolls of identify {unknown}
 l - a scroll of butterflies {unknown}
 m - a scroll of fog {unknown}
 n - a scroll of acquirement {unknown}
 p - a scroll of enchant armour {unknown}
 r - a scroll of vulnerability {unknown}
Potions
 d - a potion of might
 f - 3 potions of curing {unknown}
 j - 4 potions of magic {unknown}
 k - 2 potions of haste {unknown}


   Skills:
 * Level 4.1 Fighting
 * Level 3.1 Axes
 - Level 3.1 Armour
 - Level 3.2 Shields


You had 4 spell levels left.
You didn't know any spells.
Your spell library contained the following spells:

 Spells                   Type           Power      Damage    Failure   Level
 Lesser Beckoning         Tloc           0%         N/A       92%         2
 Poisonous Vapours        Pois/Air       0%         N/A       92%         2
 Gell's Gravitas          Tloc           0%         N/A       99%         3
 Mephitic Cloud           Conj/Pois/Air  0%         N/A       99%         3
 Teleport Other           Tloc           0%         N/A       99%         3
 Freezing Cloud           Conj/Ice/Air   0%         6-21      100%        5


Dungeon Overview and Level Annotations

Branches:
Dungeon (3/15)

Altars:

Annotations:
D:3 1 runed translucent door, Ethylacetat's ghost, amateur OpGl


Innate Abilities, Weirdness & Mutations

You are partially covered in icy blue scales. (AC +2)
You have a small tail.


Message History

* * * LOW HITPOINT WARNING * * *
The gnoll attacks as you move away! The gnoll barely misses you.
There is an open door here.
The gnoll attacks as you move away! The gnoll hits you but does no damage.
The gnoll attacks as you move away! The gnoll closely misses you.
The gnoll attacks as you move away! The gnoll closely misses you.
Found a runed translucent door.
Found a ring mail.
The adder hisses angrily.
Ethylacetat's ghost turns its malevolent gaze towards you.
The gnoll attacks as you move away! The gnoll barely misses you.
The gnoll attacks as you move away! The gnoll closely misses you.
The gnoll attacks as you move away! The gnoll hits you but does no damage.
The gnoll attacks as you move away! The gnoll barely misses you.
The gnoll attacks as you move away! The gnoll hits you with a +0 whip.
The gnoll attacks as you move away! The gnoll hits you but does no damage.
The gnoll attacks as you move away! You block the gnoll's attack.
The gnoll attacks as you move away! The gnoll barely misses you.
The gnoll attacks as you move away! The gnoll misses you.
The gnoll attacks as you move away! The gnoll hits you with a +0 whip.
The gnoll attacks as you move away! The gnoll hits you with a +0 whip.
The gnoll attacks as you move away! You block the gnoll's attack.
The gnoll attacks as you move away! You block the gnoll's attack.
You see here a granite talisman.
The gnoll attacks as you move away! The gnoll hits you with a +0 whip.
The gnoll attacks as you move away! You block the gnoll's attack.
The gnoll attacks as you move away! The gnoll completely misses you.
The gnoll attacks as you move away! You block the gnoll's attack.
The gnoll attacks as you move away! The gnoll barely misses you.
The gnoll attacks as you move away! The gnoll hits you with a +0 whip.
* * * LOW HITPOINT WARNING * * *
The gnoll attacks as you move away! The gnoll hits you with a +0 whip.
* * * LOW HITPOINT WARNING * * *
The gnoll attacks as you move away! The gnoll hits you with a +0 whip.
* * * LOW HITPOINT WARNING * * *
The gnoll attacks as you move away! The gnoll hits you with a +0 whip.
* * * LOW HITPOINT WARNING * * *
The gnoll attacks as you move away! The gnoll hits you but does no damage.
The gnoll attacks as you move away! The gnoll hits you with a +0 whip.
You die...

#........#
#.######.######### #.#
#..).........#
#.###.##.....###.#
#...#.##.#รท......#
##..#.####.#.#####
#..#.# #.#.# ###
###.##.# #%#.#######.#
.......# #.#.#.@g....#
###.#######g#.#.#####g#
......g.....#.#.# #.#
....#########g#.# #.#
..### #.#.#####.# #.#
#.#....<#g# ..#
#.#######.# ###
#g#######.# #......##.#


You could see 2 gnolls.

Vanquished Creatures
  Crazy Yiuf (D:2)
  Robin (D:2)
  A gnoll (D:3)
  2 adders (D:2)
  A worm (D:2)
  2 dart slugs
  3 bats
  6 endoplasms
  2 giant cockroaches
  16 goblins
  5 hobgoblins
  5 jackals (D:2)
  3 kobolds
  A quokka (D:1)
  3 ball pythons (D:2)
  4 frilled lizards
  5 rats
61 creatures vanquished.

Notes
Turn   | Place    | Note
-------+----------+-------------------------------------------
     0 | D:1      | BritishOli the Demonspawn Fighter began the quest for the
                  | Orb.
     0 | D:1      | Reached XP level 1. HP: 18/18 MP: 1/1
   239 | D:1      | Gained mutation: You have a small tail. [demonic ancestry]
   239 | D:1      | Reached XP level 2. HP: 24/24 MP: 2/2
   672 | D:2      | Reached XP level 3. HP: 22/29 MP: 3/3
   759 | D:2      | Noticed Robin
   767 | D:2      | Killed Robin
   871 | D:2      | Gained mutation: You are partially covered in icy blue
                  | scales. (AC +2) [demonic ancestry]
   871 | D:2      | Reached XP level 4. HP: 29/35 MP: 4/4
  1105 | D:2      | Found a runed translucent door.
  1106 | D:2      | Noticed Crazy Yiuf
  1254 | D:2      | Killed Crazy Yiuf
  1255 | D:2      | Reached skill level 4 in Fighting
  1771 | D:3      | Reached XP level 5. HP: 19/42 MP: 5/5
  1807 | D:3      | Found a runed translucent door.
  1809 | D:3      | Noticed Ethylacetat's ghost (amateur OpGl)
  1888 | D:3      | Slain by a gnoll

Illustrated notes

Levels and vault maps discovered:
D:1:      minmay_arrival_five_plusses, layout_basic, kennysheep_another_room,
          kennysheep_minor_cross
D:2:      minmay_general_purpose_star, layout_rooms, serial_glass,
          glass_columns_b, glass_columns_c, uniq_crazy_yiuf_cottage, uniq_robin
D:3:      layout_basic, ebering_ghost_sewer_d

Skill      XL: |  1  2  3  4 |
---------------+-------------+-----
Axes           | 2 3 |  3.1
Shields        | 3 |  3.2
Armour         | 3 |  3.1
Fighting       | 4 |  4.1

Action                     |  1- 3 |  4- 6 || total
---------------------------+-------+-------++-------
  Melee: War axe           |    79 |    50 ||   129
         Tailslap          |     2 |     7 ||     9
 Armour: Scale mail        |    51 |    25 ||    76
  Dodge: Dodged            |    41 |    36 ||    77
  Block: Buckler           |    24 |    16 ||    40

Table legend: (Time is in decaauts)
 A = Elapsed time spent in this place.
 B = Non-inter-level travel time spent in this place.
 C = Inter-level travel time spent in this place.
 D = Time resting spent in this place.
 E = Time spent auto-exploring this place.
 F = Levels seen in this place.
 G = Mean time per level.
                   A        B        C        D        E       F      G
               +--------+--------+--------+--------+--------+-----+--------+
         Total |   1944 |   1858 |     86 |     96 |   1308 |   3 |  648.0 |
       Dungeon |   1944 |   1858 |     86 |     96 |   1308 |   3 |  648.0 |
               +--------+--------+--------+--------+--------+-----+--------+

Top non-repeatable levels by time:
     D:2: 762 daAuts
     D:1: 670 daAuts
     D:3: 512 daAuts
